[Event "Early-Titled-Tuesday-Blitz-October-24-2023"]
[Site "Chess.com"]
[Date "2023.10.24"]
[Round "2"]
[White "chess123456s"]
[Black "Byniolus"]
[Result "0-1"]
[WhiteElo "2539"]
[BlackElo "2807"]
[TimeControl "180+1"]
[EndTime "8:17:26 PDT"]
[Termination "Byniolus won by resignation"]

1. e4 d6 2. d4 Nf6 3. Nc3 c6 4. a4 Nbd7 5. Nge2 e5 6. g3 b6 7.
Bg2 a6 8. O-O Bb7 9. h3 b5 10.
Be3 Be7 11. Qd2 O-O 12. g4 b4 13. Nd1 exd4 14. Bxd4 c5 15. Bxf6 Nxf6 16. Ng3 Re8 17.
Ne3 Bf8 18. Nd5 Bxd5 19. exd5 g6 20. Rfe1 Bg7 21. c3 Rb8 22. Rab1 Kf8 23. Qf4 Qd7 24. g5 Rxe1+ 25. Rxe1 Ne8 26. Ne4 Rc8 27. Nf6 Bxf6 28.
gxf6 Kg8 29. Re7 Qf5 30. Qxf5 gxf5 31. Bf1 a5 32. Bd3 Nxf6 33. c4 f4 34. Ra7 Re8 35.
Kf1 f3 36. Rxa5 Nd7 37. b3 Ne5 38. Be4 Kg7 39. Ra6 Nxc4 40. bxc4 Rxe4 41. Rxd6 Rxc4 42. Ke1 Rc2 43. Rb6 Ra2 44. Rb5 Kf6 45. a5 Ke5 46. Rxc5 b3 47. Kd1 Ra1+ 48. Rc1 b2 0-1

[Event "Early-Titled-Tuesday-Blitz-October-24-2023"]
[Site "Chess.com"]
[Date "2023.10.24"]
[Round "2"]
[White "ProfessorChess101"]
[Black "krzyzan94"]
[Result "0-1"]
[WhiteElo "2528"]
[BlackElo "2774"]
[TimeControl "180+1"]
[EndTime "8:17:26 PDT"]
[Termination "krzyzan94 won by resignation"]

1. e4 c5 2. Nc3 a6 3. Nge2 d6 4. g3 Nc6 5. Bg2 g6 6. d4 cxd4 7. Nxd4 Bg7 8. Be3 Nxd4 9. Bxd4 Nf6 10. O-O O-O 11. h3 e5 12. Be3 Be6 13. a4 Rc8 14.
Qd2 Qd7 15. Kh2 Qc6 16. Rfd1 Rfd8 17. a5 Rd7 18. Qe2 h5 19. Rd2 Bc4 20. Qe1 Be6 21. Na4 d5 22. Nb6 d4 23. Bg5 Nh7 24. f4 f6 25. Bh4 g5 26. fxg5 fxg5 27. Bxg5 Nxg5 28. Nxc8 Qxc8 29. Qe2 Bf7 30. h4 Ne6 31. Bh3 Qe8 32. Rf1 Rc7 33. Rd3 Bg6 34. Rdf3 d3 35. Qxd3 Nd4 36.
R3f2 Kh7 37. Bf5 Bxf5 38. exf5 Bf6 39. Qe4 Qc6 40. Qd3 e4 41. Qd1 Nf3+ 42. Kh3 Rd7 43. Qe2 Bd4 44. Rxf3 exf3 45. Rxf3 Bf6 46. Kh2 Re7 47. Qf2 Qc4 48. Rc3 Qe2 49. Qxe2 Rxe2+ 50. Kh3 Bxc3 0-1

[Event "Early-Titled-Tuesday-Blitz-October-24-2023"]
[Site "Chess.com"]
[Date "2023.10.24"]
[Round "2"]
[White "GM_DarwinLaylo"]
[Black "rachidhuilda"]
[Result "0-1"]
[WhiteElo "2622"]
[BlackElo "2376"]
[TimeControl "180+1"]
[EndTime "8:17:26 PDT"]
[Termination "rachidhuilda won by resignation"]

1. c4 c6 2. Nc3 d5 3. e3 Nf6 4. Nf3 g6 5. b3 Bg7 6. Bb2 a5 7.
Be2 O-O 8. O-O e6 9. Qc2 Re8 10. d4 b6 11. Rad1 Bb7 12. e4 dxe4 13. Nxe4 Nxe4 14.
Qxe4 Nd7 15. Ne5 Nxe5 16. dxe5 Qe7 17. Bf3 Red8 18. h4 Rxd1 19. Rxd1 Rd8 20. Rxd8+ Qxd8 21. Bd4 c5 22. Qxb7 cxd4 23. Qe4 d3 24. Bd1 d2 25. g3 h5 26. Kf1 Qc7 27. f4 Bf8 28. Ke2 Bb4 29. a3 Bxa3 30. Kxd2 Bb4+ 31. Kc2 Qc5 32. Qd3 Qf2+ 33. Be2 Qe1 34. Bd1 Kg7 35. Be2 Qa1 36. g4 hxg4 37. Bxg4 Qa2+ 38. Kd1 Qf2 39. Bf3 Qxh4 40.
Qe3 Bc5 41. Qd2 Qg3 42. Qe2 Qxf4 43. Qe4 Qxe4 44. Bxe4 Bd4 45. Ke2 Bxe5 46. Kf3 Bd6 47. Bc6 Bc5 48. Bd7 Kf6 49. Ke4 e5 50. Be8 Bd4 51.
Bc6 Ke7 52. Bd5 f5+ 53. Kd3 Kf6 54. Bc6 Bc5 55. Be8 g5 56. Bc6 g4 57. Ke2 Kg5 0-1

[Event "Early-Titled-Tuesday-Blitz-October-24-2023"]
[Site "Chess.com"]
[Date "2023.10.24"]
[Round "2"]
[White "milovichalex"]
[Black "lamomiajunior"]
[Result "0-1"]
[WhiteElo "2317"]
[BlackElo "2663"]
[TimeControl "180+1"]
[EndTime "8:17:28 PDT"]
[Termination "lamomiajunior won on time"]

1. e4 c6 2. Nf3 d5 3. exd5 cxd5 4.
d4 Nf6 5. Bd3 Nc6 6. c3 Bg4 7.
h3 Bh5 8. Nbd2 e6 9. O-O Bd6 10. Re1 O-O 11. Nf1 Qc7 12. Bg5 Nd7 13. Be3 f6 14.
Ng3 Bxg3 15. fxg3 Qxg3 16. Bf2 Qd6 17. c4 Rae8 18. a3 Kh8 19. cxd5 Qxd5 20. Be4 Qd6 21. d5 exd5 22. Qxd5 Qxd5 23. Bxd5 Bxf3 24. Bxf3 Nde5 25.
Bh5 g6 26. Be2 Rd8 27. Red1 Kg7 28. b4 a6 29. Bb6 Rxd1+ 30. Rxd1 Re8 31. Kf2 Kf7 32.
Rd2 h5 33. Bd1 h4 34. Bb3+ Kg7 35. Rd6 g5 36. Bc2 Re7 37. Bc5 Rd7 38. Bf5 Rxd6 39. Bxd6 Nc4 40. Bc5 Nxa3 41. Bc8 Nc2 42. Bxb7 N2xb4 43. Ke3 a5 44. Kd2 Ne5 45. Kc3 Nbc6 46. Bb6 Kf7 47. Ba6 Ke6 48. Be2 Kd6 49. Bd1 Nd7 50. Be3 Nc5 51. Bc2 Ne5 52. Kd4 a4 53. Bc1 Nb3+ 0-1

[Event "Early-Titled-Tuesday-Blitz-October-24-2023"]
[Site "Chess.com"]
[Date "2023.10.24"]
[Round "2"]
[White "pankajfm"]
[Black "Cheer_Down"]
[Result "0-1"]
[WhiteElo "2175"]
[BlackElo "2445"]
[TimeControl "180+1"]
[EndTime "8:17:28 PDT"]
[Termination "Cheer_Down won by resignation"]

1. e4 c5 2. Nc3 d6 3. g3 Nc6 4. Bg2 g6 5. d3 Bg7 6. f4 e5 7.
Nh3 exf4 8. Bxf4 Nge7 9. O-O O-O 10. Rb1 Nd4 11. Nf2 Be6 12. Ng4 h5 13. Ne3 Qd7 14. Ned5 Nxd5 15. exd5 Bg4 16. Qd2 Rae8 17. Rbe1 b6 18.
Re3 Rxe3 19. Bxe3 Re8 20. Ne4 Bf5 21. c3 Bxe4 22. dxe4 Nb5 23. Bh6 Nc7 24. Bxg7 Kxg7 25. Qg5 Qe7 26. Qf4 f6 27. Bh3 Qe5 28. Qf3 Re7 29. Bg2 Na6 30. a4 Nb8 31. Qd3 a6 32. a5 b5 33. c4 b4 34. Qb3 Nd7 35. Kh1 Qg5 36. Qa4 Ne5 37. Qb3 h4 38. gxh4 Qxh4 39. Qg3 Qxg3 40. hxg3 Nxc4 41. b3 Nxa5 42. Ra1 Nxb3 43.
Rxa6 Rd7 44. Bh3 Rd8 45. Kg2 Nd4 46. Kf2 c4 47. Ke1 c3 48. Rb6 b3 49. Kd1 c2+ 50. Kc1 Ne2+ 0-1

[Event "Early-Titled-Tuesday-Blitz-October-24-2023"]
[Site "Chess.com"]
[Date "2023.10.24"]
[Round "2"]
[White "HamedWafa4"]
[Black "FairChess_on_YouTube"]
[Result "0-1"]
[WhiteElo "2624"]
[BlackElo "3092"]
[TimeControl "180+1"]
[EndTime "8:17:31 PDT"]
[Termination "FairChess_on_YouTube won by resignation"]

1. d4 Nf6 2. Nf3 e6 3. Bf4 b6 4.
e3 Bb7 5. Nbd2 Nh5 6. Bg5 Be7 7. Bxe7 Qxe7 8. Bd3 d6 9. O-O Nd7 10. Be4 d5 11.
Bd3 Nhf6 12. c3 O-O 13. Ne5 Nxe5 14. dxe5 Ne4 15. Qc2 f5 16. exf6 Nxf6 17. e4 Kh8 18.
exd5 exd5 19. Rae1 Qf7 20. Nf3 Rae8 21. Ng5 Qh5 22.
Ne6 Rf7 23. Nf4 Qh6 24. g3 Ref8 25. Bf5 Ne4 26. Bxe4 dxe4 27. Re2 Qc6 28. Re3 g5 29. Ne2 Qh6 30. c4 Kg8 31. Nc3 Rf3 32. Qd2 Qh3 33.
Nd5 h6 34. Ne7+ Kh7 35. Nd5 c6 36. Nc3 Rxe3 37. Qxe3 c5 38. Nd5 Qf5 39. Re1 Re8 40. Qd2 Kg6 41. Ne3 Qf6 42. Rd1 Rf8 43. b3 Bc8 44. Qd6 Kh5 45. Qxf6 Rxf6 46. Rd8 Bh3 47.
Rd7 Bxd7 0-1

[Event "Early-Titled-Tuesday-Blitz-October-24-2023"]
[Site "Chess.com"]
[Date "2023.10.24"]
[Round "2"]
[White "BahadirOzen"]
[Black "motivated_bishop"]
[Result "0-1"]
[WhiteElo "2778"]
[BlackElo "2550"]
[TimeControl "180+1"]
[EndTime "8:17:32 PDT"]
[Termination "motivated_bishop won on time"]

1. g3 e5 2. Bg2 d5 3. d3 g6 4. Nf3 Bg7 5. O-O Ne7 6. e4 O-O 7. c3 Nbc6 8. b4 a6 9. Bb2 h6 10. Nbd2 Be6 11. Re1 Qd7 12. a4 Rfe8 13. Qc2 d4 14. b5 axb5 15. axb5 Na7 16. c4 Reb8 17. Nb3 b6 18. Ra6 c6 19. Rea1 cxb5 20. Nbd2 Nec6 21.
Qb3 bxc4 22. dxc4 Na5 23. Qa4 Qxa4 24. Rxa4 Bc8 25. R6xa5 bxa5 26. Bc1 Nc6 27. c5 Rb4 28.
Ra1 Be6 29. Ne1 a4 30. Nd3 Rb5 31. f4 Nb4 32. Nxb4 Rxb4 33. Ba3 Rb5 34. Bf1 Rb7 35.
Bd3 Bf8 36. f5 gxf5 37. exf5 Bd5 38. Ne4 Rb3 39. Nf6+ Kg7 40. Bc2 Rc3 41. Nxd5 Rxc2 42. Nb6 Ra7 43. f6+ Kxf6 44. Re1 Bxc5 45. Nd5+ Ke6 46. Nf4+ Kd6 47. Bxc5+ Rxc5 48. Nd3 Rb5 49. Nf2 f5 50. g4 a3 51. gxf5 a2 52. Ne4+ Kd5 53.
Nf6+ Kc4 0-1

[Event "Early-Titled-Tuesday-Blitz-October-24-2023"]
[Site "Chess.com"]
[Date "2023.10.24"]
[Round "2"]
[White "garicradomir"]
[Black "Daffidollchess2"]
[Result "0-1"]
[WhiteElo "2403"]
[BlackElo "2705"]
[TimeControl "180+1"]
[EndTime "8:17:32 PDT"]
[Termination "Daffidollchess2 won by checkmate"]

1. e4 c5 2. Nf3 Nc6 3. Bb5 e6 4. O-O Nge7 5. Re1 a6 6. Bf1 d5 7. exd5 Qxd5 8. Nc3 Qd8 9. Ne2 Nf5 10. b3 Be7 11. Bb2 Bf6 12. Bxf6 Qxf6 13. Ng3 Nxg3 14. hxg3 O-O 15. a4 b6 16. Bd3 Bb7 17. Be4 Rad8 18. Bxc6 Bxc6 19. Qe2 Rd6 20. Qxa6 Bxf3 21. gxf3 Rxd2 22.
Rad1 Rxc2 23. Kg2 h5 24. Re4 Rd8 25. Rd3 Rxd3 26. Qxd3 Rc3 27. Qd1 g6 28. Rf4 Qe7 29. Re4 g5 30. Re5 Qf6 31. f4 gxf4 32. Qxh5 fxg3 33.
Rg5+ Kf8 34. Rxg3 Rxg3+ 35. fxg3 Qb2+ 36. Kh3 Qxb3 37. a5 Qb5 38. Qg5 bxa5 39. Qd8+ Qe8 40.
Qxa5 Qc8 41. Qc3 Ke8 42. Qh8+ Kd7 43. Qf6 Qg8 44. Qe5 Qh7+ 45. Kg2 Qd3 46. Qxc5 Qd5+ 47. Qxd5+ exd5 48. Kf3 Kd6 49. Kf4 Kc5 50. g4 d4 51.
g5 Kc4 52. Kf5 d3 53. Kf6 d2 54. Kxf7 d1=Q 55. g6 Qd5+ 56. Kf8 Qd6+ 57. Kf7 Qf4+ 58. Ke6 Qg5 59. Kf7 Qf5+ 60. Kg7 Kd5 61. Kh6 Qh3+ 62. Kg7 Ke6 63. Kf8 Kf6 64. Ke8 Qc8# 0-1

[Event "Early-Titled-Tuesday-Blitz-October-24-2023"]
[Site "Chess.com"]
[Date "2023.10.24"]
[Round "2"]
[White "venturov"]
[Black "AsselLesbekova"]
[Result "1-0"]
[WhiteElo "2473"]
[BlackElo "2223"]
[TimeControl "180+1"]
[EndTime "8:17:34 PDT"]
[Termination "venturov won by resignation"]

1. e4 e5 2. Nf3 Nf6 3. Nxe5 Nxe4 4. Nf3 d5 5. c4 Nc6 6. Be2 Bc5 7. O-O O-O 8. d3 Nf6 9. d4 Be7 10. h3 h6 11. Nc3 Be6 12. c5 b6 13. cxb6 axb6 14.
Bf4 Bd6 15. Bxd6 Qxd6 16. Rc1 Ne4 17. a3 Rfe8 18. Bb5 Na7 19. Bxe8 Rxe8 20. Ne5 f6 21. Nf3 Qd7 22. Nxe4 dxe4 23. Nh2 Nb5 24. Re1 f5 25. Nf1 Nxd4 26. Qh5 Bf7 27. Qh4 c5 28. Rcd1 Qb5 29. b4 Ne2+ 30. Kh1 Nd4 31. Ne3 Qc6 32. bxc5 bxc5 33. Qf4 g5 34. Qh2 h5 35. Rc1 f4 36.
Nc4 Qd5 37. h4 Qc6 38. hxg5 Bxc4 39. Rxc4 Qd5 40. Rec1 Qf7 41. Rxc5 Re7 42. Rc8+ Kg7 43. g6 Qxg6 44. Qxf4 Ne2 45. Qh4 Rf7 46. R1c7 Nf4 47. Rxf7+ Qxf7 48. Qg5+ Ng6 49. Rc6 Qxf2 50. Qxg6+ Kh8 51.
Rc8+ 1-0

[Event "Early-Titled-Tuesday-Blitz-October-24-2023"]
[Site "Chess.com"]
[Date "2023.10.24"]
[Round "2"]
[White "zajka-molotok"]
[Black "eljanov"]
[Result "0-1"]
[WhiteElo "2560"]
[BlackElo "2825"]
[TimeControl "180+1"]
[EndTime "8:17:35 PDT"]
[Termination "eljanov won on time"]

1. e4 c6 2. d4 d5 3. exd5 cxd5 4. Bd3 Nf6 5. h3 Nc6 6. c3 e5 7. dxe5 Nxe5 8. Nf3 Nxd3+ 9. Qxd3 Bd6 10. O-O O-O 11. Bg5 h6 12. Bh4 g5 13. Bg3 Bxg3 14.
fxg3 g4 15. hxg4 Nxg4 16. Nbd2 Qb6+ 17. Qd4 Qxd4+ 18. Nxd4 Re8 19. Rae1 Bd7 20. N2f3 Rxe1 21. Rxe1 Re8 22. Kf1 Kf8 23. Rxe8+ Kxe8 24. Ke2 Ke7 25. Nd2 Nf6 26. Ke3 Kd6 27. Kf4 Nh5+ 28. Kf3 b6 29.
Nf1 Nf6 30. Kf4 Nh5+ 31. Kf3 Ke5 32. Ne3 Nf6 33. a3 a5 34. Ne2 h5 35. Nd4 Bg4+ 36. Nxg4+ hxg4+ 37. Ke3 Ne4 38. Nc6+ Kd6 39. Nd8 Ke7 40.
Nc6+ Kd6 41. Nd8 f6 42. Kf4 Nd2 43. Kxg4 Nc4 44. Kf5 Ke7 45. Nc6+ Kf7 46. b4 a4 47. b5 Nxa3 48. Nb4 Nxb5 49. Nxd5 a3 50. Nb4 Nxc3 0-1

[Event "Early-Titled-Tuesday-Blitz-October-24-2023"]
[Site "Chess.com"]
[Date "2023.10.24"]
[Round "2"]
[White "NikolaGry"]
[Black "Josgar05"]
[Result "1-0"]
[WhiteElo "2720"]
[BlackElo "2365"]
[TimeControl "180+1"]
[EndTime "8:17:35 PDT"]
[Termination "NikolaGry won by checkmate"]

1. d4 d5 2. Bg5 c5 3. c3 cxd4 4.
cxd4 Nc6 5. e3 Nf6 6. Bxf6 exf6 7. Nc3 a6 8. Bd3 Be6 9. Nge2 Bd6 10. O-O O-O 11. Rc1 Qd7 12. Ng3 b5 13. Nxd5 Bxg3 14. Qh5 h6 15. Nxf6+ gxf6 16. Qxh6 f5 17. Qg5+ Kh7 18.
fxg3 Ne7 19. g4 f6 20. gxf5 Bc4 21. Qh4+ Kg7 22. Rf4 Rh8 23. Qg3+ Kf7 24. Rxc4 Rag8 25. Qf2 Nd5 26. Rc5 Nxf4 27. Qxf4 Rc8 28. Rxc8 Rxc8 29. h4 Qd5 30. Be4 Rc1+ 31. Kh2 Qd7 32. Bf3 Qc7 33. Bd5+ Kg7 34. Kg3 Qxf4+ 35. Kxf4 Rc2 36. b4 Rc3 37. g4 Rc2 38. g5 Rh2 39. Kg3 Re2 40. e4 Rd2 41. Kf4 Rxd4 42. gxf6+ Kxf6 43. h5 Rd2 44. e5+ Kg7 45. f6+ Kh6 46. Be4 Kxh5 47. e6 Rf2+ 48. Ke5 Kg5 49. e7 Rxf6 50. e8=Q Rf4 51. Qg8+ Kh4 52. Kxf4 a5 53. Qg4# 1-0

[Event "Early-Titled-Tuesday-Blitz-October-24-2023"]
[Site "Chess.com"]
[Date "2023.10.24"]
[Round "2"]
[White "lluiss"]
[Black "jup1978"]
[Result "0-1"]
[WhiteElo "2214"]
[BlackElo "2470"]
[TimeControl "180+1"]
[EndTime "8:17:36 PDT"]
[Termination "jup1978 won on time"]

1. Nf3 d5 2. d4 Nf6 3. c4 e6 4.
cxd5 exd5 5. Nc3 c6 6. Qc2 g6 7. Bg5 Be7 8. e3 Bf5 9. Bd3 Bxd3 10. Qxd3 O-O 11. O-O Nbd7 12. Rab1 a5 13. Rfe1 Re8 14. Rbd1 Nf8 15. Ne5 Ne4 16. Bxe7 Qxe7 17. Ne2 Ne6 18. Nc3 Nd6 19. Nf3 a4 20. Nd2 b5 21. Nf1 Nc4 22.
Re2 Ng5 23. f3 f5 24. Rde1 Qf7 25. h4 Ne6 26. g3 Re7 27. Kg2 Rae8 28. Nh2 Qf6 29.
f4 b4 30. Nxa4 Nxd4 31. exd4 Rxe2+ 32. Rxe2 Rxe2+ 33. Qxe2 Qxd4 34. b3 Ne3+ 35. Kh3 Kg7 36. Nf3 Qe4 37. Nc5 Qe7 38. Nd3 Kg8 39. Nde5 d4 40.
Nxd4 Nd5 41. Qc4 Kg7 42. Qxc6 Nf6 43. Qe6 Qb7 44. Ndc6 Qa6 45. Qc4 Qb6 46. Qd4 Qa6 47. Qd3 Qb6 48. Qe2 Qg1 49. Qg2 Qe1 50. Nc4 Ng4 0-1

[Event "Early-Titled-Tuesday-Blitz-October-24-2023"]
[Site "Chess.com"]
[Date "2023.10.24"]
[Round "2"]
[White "vaniavindy"]
[Black "Daniel_Salinas"]
[Result "1-0"]
[WhiteElo "2211"]
[BlackElo "2428"]
[TimeControl "180+1"]
[EndTime "8:17:36 PDT"]
[Termination "vaniavindy won by resignation"]

1. d4 Nf6 2. c4 e6 3. a3 d5 4.
Nc3 Be7 5. Bf4 O-O 6. e3 b6 7.
cxd5 exd5 8. Nf3 Bb7 9. Bd3 Nbd7 10. O-O Ne4 11. Rc1 a6 12. Bxc7 Qe8 13. Ne5 Rc8 14.
Bxe4 dxe4 15. Nxd7 Qxd7 16. Bxb6 Bd6 17. Ne2 Bxh2+ 18.
Kxh2 Qd6+ 19. Kg1 Qxb6 20. b4 f5 21. Rc5 Rce8 22. Qb3+ Kh8 23. Rfc1 Rf6 24. d5 Rh6 25. Nd4 Rh5 26. Ne6 Qd6 27. Nf4 Rh4 28. Rc7 Qh6 29.
Nh3 Ba8 30. Qc3 Qg6 31. Kf1 h6 32. Rc8 Bxd5 33. Rxe8+ Qxe8 34. Qd4 Qb5+ 35. Kg1 Be6 36. Rc5 Qe8 37. Re5 Kh7 38. Qd6 Qa4 39. Qxe6 Qd1+ 40.
Kh2 Qg4 41. Qxf5+ Qxf5 42. Rxf5 g6 43. Rf7+ Kg8 44. Re7 1-0

[Event "Early-Titled-Tuesday-Blitz-October-24-2023"]
[Site "Chess.com"]
[Date "2023.10.24"]
[Round "2"]
[White "tarno17"]
[Black "FlemingA"]
[Result "0-1"]
[WhiteElo "2113"]
[BlackElo "2434"]
[TimeControl "180+1"]
[EndTime "8:17:36 PDT"]
[Termination "FlemingA won by checkmate"]

1. e4 g6 2. d4 a6 3. f4 Bg7 4.
Nf3 c5 5. c3 d5 6. e5 Bg4 7.
Be2 Nc6 8. h3 Bxf3 9. Bxf3 h5 10. f5 cxd4 11. cxd4 e6 12. f6 Bh6 13. Nd2 Nxd4 14. O-O Qd7 15. b3 Be3+ 16. Kh1 Nh6 17. Re1 Nhf5 18. Nf1 Bxc1 19. Rxc1 O-O 20. Bxh5 Rfc8 21.
Rxc8+ Rxc8 22. Bg4 Qc7 23. Bxf5 Nxf5 24. Qg4 Qc3 25. Rd1 Qxe5 26. h4 Qxf6 27. h5 Qh4+ 28. Qxh4 Nxh4 29. hxg6 Nxg6 30. g4 Rc2 31. Ne3 Rxa2 32. Rc1 Re2 33. Nf1 Rb2 34. Ng3 Rxb3 35. Nh5 Kf8 36. Rc8+ Ke7 37. Rc7+ Kd6 38. Rxf7 Ne5 39.
Rf8 Nxg4 40. Ng7 a5 41. Ne8+ Ke7 42. Rh8 Nf6 43. Nc7 Kd6 44. Na8 a4 45. Rd8+ Ke5 46. Nc7 a3 47. Ra8 b5 48. Ra5 b4 49. Nb5 Rb1+ 50.
Kg2 Ne4 51. Nc7 Rb2+ 52. Kf3 a2 53. Ra6 Nc5 54. Rc6 a1=Q 55. Rxc5 Qf1+ 56. Ke3 Re2+ 57. Kd3 Qd1# 0-1

[Event "Early-Titled-Tuesday-Blitz-October-24-2023"]
[Site "Chess.com"]
[Date "2023.10.24"]
[Round "2"]
[White "DumbKing75"]
[Black "Oleksandr_Bortnyk"]
[Result "0-1"]
[WhiteElo "2616"]
[BlackElo "3038"]
[TimeControl "180+1"]
[EndTime "8:17:37 PDT"]
[Termination "Oleksandr_Bortnyk won by resignation"]

1. e4 Nf6 2. Nc3 d5 3. exd5 Nxd5 4. Nxd5 Qxd5 5. Nf3 Nc6 6. Be2 e5 7. O-O e4 8. Ne1 Bd6 9. d3 O-O 10. dxe4 Qxe4 11. Bd3 Qh4 12. Nf3 Qh5 13. h3 Bxh3 14. gxh3 Qxh3 15. Re1 Rfe8 16. Rxe8+ Rxe8 17. Bf1 Qg4+ 18. Bg2 Re6 19. Be3 Rg6 20. Ne1 Qh4 21. Nf3 Qh3 22.
Ng5 Qh2+ 23. Kf1 h6 24. Bxc6 bxc6 25. Nf3 Qh5 26. b3 Rf6 27. Ng1 Qh1 28. Qg4 Rg6 29. Qc8+ Kh7 30. Ke2 Rxg1 31. Qf5+ Kg8 32. Qc8+ Bf8 33.
Rxg1 Qxg1 34. Bc5 Qg6 35. Qxf8+ Kh7 36. Kd2 Qf5 37. Qe7 h5 38. Be3 f6 39. Qxc7 Qd5+ 40. Kc1 a5 41. Qf4 Kg6 42. a4 Kf7 43. Qc7+ Kg6 44. Qg3+ Kf7 45. Bd2 g5 46. Qc7+ Kg6 47.
Qxa5 h4 48. Qxd5 cxd5 49. Bb4 f5 50. f4 h3 51. Be1 h2 52. fxg5 h1=Q 53. Kd1 0-1

[Event "Early-Titled-Tuesday-Blitz-October-24-2023"]
[Site "Chess.com"]
[Date "2023.10.24"]
[Round "2"]
[White "DopplerCharlotteDeWitte"]
[Black "Taran2004"]
[Result "1/2-1/2"]
[WhiteElo "2786"]
[BlackElo "2403"]
[TimeControl "180+1"]
[EndTime "8:17:38 PDT"]
[Termination "Game drawn - insufficient material"]

1. e4 c6 2. d4 d5 3. exd5 cxd5 4. Bd3 Nc6 5. Nf3 Nf6 6. Bf4 Bg4 7. c3 e6 8. Nbd2 Bd6 9. Bxd6 Qxd6 10. h3 Bh5 11. O-O O-O 12. Re1 a6 13. a4 Rac8 14. a5 Bg6 15.
Bxg6 hxg6 16. Re3 Qc7 17. b4 Ne7 18. Nb3 Nf5 19. Rd3 Ne4 20. Nc5 Nfd6 21. Ne5 Nb5 22.
Qb3 Kh7 23. Re3 Rfe8 24. h4 f6 25. Nf3 Qf4 26. Rae1 f5 27. g3 Qg4 28. Kg2 f4 29. Rxe4 dxe4 30. Rxe4 Rf8 31. Qd1 Nxc3 32. Qd3 Rxc5 33.
bxc5 Nxe4 34. Qxe4 Qf5 35. Ng5+ Kg8 36. Qxe6+ Qxe6 37. Nxe6 f3+ 38. Kh3 Re8 39. d5 Kf7 40. Kg4 Kf6 41.
Kxf3 Ke5 42. Kg4 Re7 43. Nf4 Kd4 44. d6 Rd7 45. Kg5 Kxc5 46. Kxg6 Kxd6 47. h5 Kc5 48. g4 b6 49. axb6 Kxb6 50. g5 a5 51. h6 gxh6 52.
gxh6 a4 53. h7 Rxh7 54. Kxh7 a3 55. Nd5+ Kc5 56. Nc3 Kc4 57. Na2 Kb3 58. f4 Kxa2 59.
f5 Kb3 60. f6 a2 61. f7 a1=Q 62.
f8=Q Qh1+ 63. Qh6 Qxh6+ 64. Kxh6 1/2-1/2

[Event "Early-Titled-Tuesday-Blitz-October-24-2023"]
[Site "Chess.com"]
[Date "2023.10.24"]
[Round "2"]
[White "parintele_chess"]
[Black "surrenderPLS"]
[Result "0-1"]
[WhiteElo "2265"]
[BlackElo "2509"]
[TimeControl "180+1"]
[EndTime "8:17:38 PDT"]
[Termination "surrenderPLS won on time"]

1. d4 Nf6 2. c4 e6 3. Nc3 Bb4 4. e3 O-O 5. Ne2 d5 6. a3 Be7 7. cxd5 Nxd5 8. e4 Nxc3 9. bxc3 c5 10. Be3 cxd4 11. cxd4 b6 12. Ng3 Bb7 13. Be2 Nc6 14. O-O Bf6 15. d5 exd5 16. exd5 Ne7 17. d6 Nd5 18. Bd4 Bxd4 19. Qxd4 Qxd6 20. Qxg7+ Kxg7 21. Nf5+ Kf6 22. Nxd6 Nf4 23. Nxb7 Nxe2+ 24. Kh1 Rfe8 25. Nd6 Re6 26. Nb5 Re5 27. Rfe1 Rxb5 28. Rxe2 Rd8 29. g3 Rd3 30. a4 Ra5 31. Re4 Rf3 32.
Kg2 Rff5 33. Rc1 Rfc5 34. Rd1 Re5 35. Rf4+ Rf5 36. Re4 Rad5 37. Rc1 Rc5 38. Rxc5 Rxc5 39.
Rh4 h5 40. Rd4 Ke5 41. Rd7 Ra5 42. Rxf7 Rxa4 43. Rh7 h4 44. Rh5+ Kf6 45. Rh6+ Kg7 46. Rd6 hxg3 47. hxg3 Kf7 48. Rd7+ Ke6 49. Rb7 Kd6 50. f4 Kc6 51. Rb8 a5 52. Kf3 Rd4 53. g4 a4 54. g5 a3 55. Ra8 Rd3+ 56. Kg4 b5 57. g6 Rd6 58. f5 Rd4+ 59. Kg5 Ra4 60.
Rb8 a2 61. g7 a1=Q 62. g8=Q Qg1+ 63. Kf6 Qd4+ 64. Kf7 Qd5+ 65. Kf6 Qd4+ 66. Kf7 Ra7+ 67. Kg6 Qg4+ 68. Kf6 Qh4+ 69. Qg5 Rf7+ 70. Kxf7 Qxg5 71.
Rc8+ Kd7 0-1

[Event "Early-Titled-Tuesday-Blitz-October-24-2023"]
[Site "Chess.com"]
[Date "2023.10.24"]
[Round "2"]
[White "scarabee43"]
[Black "N4700000"]
[Result "1-0"]
[WhiteElo "2803"]
[BlackElo "2534"]
[TimeControl "180+1"]
[EndTime "8:17:39 PDT"]
[Termination "scarabee43 won on time"]

1. d4 Nf6 2. Nf3 g6 3. c4 Bg7 4.
Nc3 O-O 5. Bg5 d6 6. e3 h6 7. Bh4 c5 8. d5 e6 9. Be2 exd5 10. cxd5 g5 11. Bg3 Nh5 12. Qc2 Nxg3 13. hxg3 Nd7 14. Ne4 Nf6 15. Nfxg5 Bf5 16. Nxf6+ Qxf6 17. Ne4 Qxb2 18. Qxb2 Bxb2 19. Nxd6 Bxa1 20. Nxf5 Rfd8 21. Nxh6+ Kf8 22. e4 Bc3+ 23. Kd1 b5 24. Kc2 b4 25. Nf5 a5 26. Bc4 a4 27. f4 Rab8 28. e5 Kg8 29. d6 Rb7 30. Bd5 Ra7 31. Ne7+ Kg7 32. Nc6 Raa8 33.
Nxd8 Rxd8 34. Bc6 a3 35. Bd5 Bd4 36. Kd3 Rb8 37. Kc2 Rc8 38. d7 Rd8 39. e6 fxe6 40. Bxe6 Kf6 41. f5 c4 42. Bxc4 Rxd7 43. Rh6+ Kg5 44. Rc6 Re7 45. Be6 Bc3 46. Kb3 Re8 47.
Rc4 Rd8 48. Rxc3 bxc3 49. Kxc3 Rb8 50. Kd4 Rb2 51. g4 1-0

[Event "Early-Titled-Tuesday-Blitz-October-24-2023"]
[Site "Chess.com"]
[Date "2023.10.24"]
[Round "2"]
[White "vishwa_vijeta"]
[Black "McCarthyStone"]
[Result "1/2-1/2"]
[WhiteElo "2529"]
[BlackElo "2313"]
[TimeControl "180+1"]
[EndTime "8:17:39 PDT"]
[Termination "Game drawn by repetition"]

1. e4 e5 2. Nf3 d6 3. d4 exd4 4.
Nxd4 Nf6 5. Nc3 g6 6. Be3 Bg7 7.
f3 O-O 8. Qd2 Nc6 9. Bc4 Nxd4 10. Bxd4 a6 11. a4 Re8 12. O-O b6 13. Bd5 Rb8 14. Rad1 Bb7 15. Bxb7 Rxb7 16. Rfe1 b5 17. axb5 axb5 18. b3 Rb8 19. Be3 Qe7 20. Bg5 Qe5 21.
Bf4 Qc5+ 22. Be3 Qb4 23. Bd4 c6 24. Be3 Rbd8 25. Nb1 Qxd2 26. Nxd2 d5 27. Bg5 dxe4 28. Bxf6 Bxf6 29. Nxe4 Be7 30. Kf1 Kg7 31. Nd6 Bxd6 32.
Rxe8 Rxe8 33. Rxd6 Re6 34. Rxe6 fxe6 35. Ke2 Kf6 36. Ke3 Ke5 37. b4 Kd5 38. Kd3 g5 39. c3 h5 40. g3 Ke5 41. c4 h4 42. cxb5 cxb5 43. Ke3 hxg3 44. hxg3 Kd5 45. Kd3 e5 46. g4 Kd6 47. Ke4 Ke6 48. Ke3 Kd5 49. Kd3 Kd6 50. Ke4 Ke6 51. Ke3 Kd5 52. Kd3 1/2-1/2

[Event "Early-Titled-Tuesday-Blitz-October-24-2023"]
[Site "Chess.com"]
[Date "2023.10.24"]
[Round "2"]
[White "DevikBronstein"]
[Black "Wizard_97"]
[Result "0-1"]
[WhiteElo "2906"]
[BlackElo "2606"]
[TimeControl "180+1"]
[EndTime "8:17:44 PDT"]
[Termination "Wizard_97 won by resignation"]

1. c4 e5 2. Nc3 Nc6 3. Nf3 f5 4.
g3 Nf6 5. d4 e4 6. Nh4 d5 7.
Bg5 dxc4 8. d5 Ne5 9. Qd4 Bd6 10. Bh3 g6 11. f4 exf3 12. Nxf3 Qe7 13. Nxe5 Bxe5 14. Qxc4 O-O 15. O-O Qf7 16. Bg2 Bd7 17. e4 Rae8 18. Rae1 Qg7 19. exf5 Bxf5 20. Bf4 Nd7 21.
d6+ Be6 22. Qxc7 Bxf4 23. Rxf4 Rxf4 24. gxf4 Qd4+ 25. Kh1 Qxf4 26. Nd5 Qd2 27. h3 Qxb2 28. Ne7+ Kf7 29. Rxe6 Kxe6 30. Bd5+ Ke5 31. Qxd7 Qc1+ 32. Kg2 Qd2+ 33. Kg1 Qe1+ 34. Kh2 Qf2+ 35. Bg2 Qf4+ 36.
Kg1 Qc1+ 37. Bf1 Qe3+ 38. Kh1 Qe4+ 39. Bg2 Qe1+ 40. Kh2 Qf2 41. Qg4 Kxd6 42. Nd5 Re1 43. Nf4 Qg1+ 44. Kg3 Re3+ 45. Kh4 Qf2+ 46. Kg5 Rg3 47. Be4 Rxg4+ 48. hxg4 h6+ 0-1

[Event "Early-Titled-Tuesday-Blitz-October-24-2023"]
[Site "Chess.com"]
[Date "2023.10.24"]
[Round "2"]
[White "Emp3rador"]
[Black "OK97"]
[Result "1-0"]
[WhiteElo "2547"]
[BlackElo "2770"]
[TimeControl "180+1"]
[EndTime "8:17:44 PDT"]
[Termination "Emp3rador won by resignation"]

1. e4 c5 2. Nf3 d6 3. Bb5+ Bd7 4. Bxd7+ Nxd7 5. Qe2 Ngf6 6. O-O e6 7. c4 Ne5 8. b3 Nfd7 9. Bb2 Be7 10. d4 Nxf3+ 11. Qxf3 cxd4 12. Bxd4 Ne5 13. Qg3 Bf6 14. Rd1 Qe7 15.
Nc3 a6 16. f4 Nc6 17. Bxf6 gxf6 18. Rd3 O-O-O 19. Rad1 h5 20. Qf2 Qc7 21. Qd2 Qb6+ 22. Kh1 h4 23. h3 Rhg8 24. Na4 Qa7 25. Qe1 Kc7 26. Qxh4 Rg6 27. Qe1 Rdg8 28. R1d2 Rd8 29. Qe3 Qxe3 30. Rxe3 b5 31. cxb5 axb5 32. Nc3 Rb8 33. a4 bxa4 34. bxa4 Nb4 35. Nb5+ Kb6 36. Nxd6 Kc5 37. Nxf7 Rgg8 38. Rc3+ Kb6 39. Nd6 Ka6 40. Nc4 Rgc8 41. Rd6+ Ka7 42. a5 Na6 43. Rxe6 Rb1+ 44. Kh2 Nc5 45. Rxf6 Nxe4 46. Rf7+ Ka6 47. Rc2 Rb4 48.
Ne3 Rd8 49. Ng4 Rd1 50. Re2 Nc3 51. Rf6+ Kxa5 52. Re5+ Ka4 53. Ne3 Re1 54. Nc2 Rf1 55. Nxb4 Kxb4 56. h4 1-0